 Dungeon Sprint DCSS version 0.27-a0-1416-g941b2bd30b (webtiles) character file.

Game seed: 4128203558128034684

178 mhtbhm the Geomancer (level 5, -2/28 HPs)
             Began as a Deep Elf Earth Elementalist on July 1, 2021.
             Was an Initiate of Vehumet.
             Killed from afar by a deep elf pyromancer (9 damage)
             ... with a sticky flame
             ... in the Dungeon (Sprint III: "The Ten Rune Challenge").
             The game lasted 00:01:41 (415 turns).

mhtbhm the Geomancer (Deep Elf Earth Elementalist)   Turns: 415, Time: 00:01:42

Health: -2/28      AC:  2    Str:  5    XL:     5   Next: 32%
Magic:  2/17       EV: 14    Int: 21    God:    Vehumet [......]
Gold:   38         SH:  0    Dex: 15    Spells: 5/20 levels left

rFire    . . .     SeeInvis .   o - +3 quarterstaff (chaos)
rCold    . . .     Faith    .   (shield currently unavailable)
rNeg     . . .     Spirit   .   b - +0 robe
rPois    .         Reflect  .   (no helmet)
rElec    .         Harm     .   (no cloak)
rCorr    .         Rampage  .   (no gloves)
Will     .....     NoTele   +   (no boots)
Stlth    +.........             (no amulet)
HPRegen  0.09/turn              (no ring)
MPRegen  0.15/turn              (no ring)

@: on fire, glowing
A: no striking features
a: Renounce Religion


You were in the Dungeon.
You worshipped Vehumet.
Vehumet was noncommittal.
You visited 1 branch You collected 38 gold pieces.

Inventory:

Hand Weapons
 o - a +3 quarterstaff of chaos (weapon)
Missiles
 i - 19 stones
Armour
 b - a +0 robe (worn)
 n - a +0 cloak
Scrolls
 h - a scroll of blinking
 j - a scroll of holy word {unknown}
 k - 3 scrolls of identify
 l - a scroll of torment {unknown}
Potions
 a - 3 potions of mutation {unknown}
 c - a potion of curing
 d - a potion of heal wounds
 e - 3 potions of haste
 f - 2 potions of magic
 g - 2 potions of berserk rage
 m - 2 potions of flight


   Skills:
 + Level 5.1 Dodging
 + Level 4.7 Stealth
 + Level 8.1 Spellcasting
 + Level 1.0 Conjurations
 + Level 1.7 Transmutations
 + Level 9.0 Earth Magic


You had 5 spell levels left.
You knew the following spells:

 Your Spells              Type           Power      Damage    Failure   Level
a - Sandblast             Erth           92%        2d19      1%          1
b - Passwall              Tmut/Erth      25%        N/A       1%          2
c - Stone Arrow           Conj/Erth      58%        3d10      3%          3
d - Lee's Rapid Deconstr  Erth           23%        3d14*     5%          5
e - Petrify               Tmut/Erth      31%        N/A       9%          4

Your spell library contained the following spells:

 Spells                   Type           Power      Damage    Failure   Level
 Slow                     Hex            8%         N/A       12%         2
 Conjure Flame            Conj/Fire      10%        6-21      19%         3
 Ignite Poison            Fire/Tmut/Pois 11%        N/A       19%         3
 Vampiric Draining        Necr           4%         2d6       24%         3
 Sticky Flame             Conj/Fire      10%        2d3       54%         4


Dungeon Overview and Level Annotations

Branches:
Dungeon (1/1)

Altars:
Elyvilon
Kikubaaqudgha
Sif Muna
Vehumet
Zin
The Shining One


Message History

Aiming: Lee's Rapid Deconstruction (extremely dangerous; 5% risk of failure)
Press: ? - help, Dir - move target A stone wall.
The wall shatters!
The blast of rock fragments hits the deep elf pyromancer!!
The deep elf pyromancer is severely wounded.
The deep elf pyromancer drinks a potion.
The deep elf pyromancer is healed!
Unknown command.
Unknown command.
Unknown command.
Casting: Lee's Rapid Deconstruction (extremely dangerous; 5% risk of failure)
Confirm with . or Enter, or press ? or * to list all spells.
The spell is extremely dangerous to cast (5% risk of failure)!
Continue anyway?
Aiming: Lee's Rapid Deconstruction (extremely dangerous; 5% risk of failure)
Press: ? - help, Dir - move target A stone wall.
The wall shatters!
The blast of rock fragments hits the deep elf pyromancer!!
The deep elf pyromancer is severely wounded.
The deep elf pyromancer points at you and mumbles some strange words.
The bolt of fire hits you!!
Ouch! That really hurt!
* * * LOW HITPOINT WARNING * * *
Unknown command.
Unknown command.
Unknown command.
Casting: Lee's Rapid Deconstruction (extremely dangerous; 5% risk of failure)
Confirm with . or Enter, or press ? or * to list all spells.
The spell is extremely dangerous to cast (5% risk of failure)!
Continue anyway?
Aiming: Lee's Rapid Deconstruction (extremely dangerous; 5% risk of failure)
Press: ? - help, Dir - move target A stone wall.
The wall shatters!
The blast of rock fragments hits the deep elf pyromancer!
The deep elf pyromancer is almost dead.
The deep elf pyromancer points at you and mumbles some strange words.
The sticky flame hits you!
You are covered in liquid flames!
You die...

▓▓▓ ▓▓▓ ..#### ##.####
.....#####..#___
...)..#..#..#e..
.##...#..#..###'#+###+##
.###..##'#..#...@......#
#.##..###...'.⌠........#
.##..####...#...######+#
.##†.###....#.⌠.#
##...##.....#...#
#....#...†..#'###
#..##.#.....#.).# #..
####....#___# ▓▓▓
▓▓▓▓▓▓▓▓▓▓


You could see a deep elf pyromancer.

Vanquished Creatures
  A water elemental (D)
  Crazy Yiuf (D)
  Jessica (D)
  A wizard (D)
  A kobold demonologist (D)
  A human (D)
  3 rats (D)
9 creatures vanquished.

Notes
Turn   | Place    | Note
-------+----------+-------------------------------------------
     0 | D        | mhtbhm the Deep Elf Earth Elementalist began the quest for
                  | the Orb.
     0 | D        | Reached XP level 1. HP: 10/10 MP: 6/6
    41 | D        | Noticed Jessica
    45 | D        | Killed Jessica
    46 | D        | Reached skill level 5 in Earth Magic
    46 | D        | Reached XP level 2. HP: 15/15 MP: 5/9
    84 | D        | Learned a level 2 spell: Passwall
   141 | D        | Noticed Crazy Yiuf
   147 | D        | Reached skill level 5 in Spellcasting
   147 | D        | Reached skill level 6 in Earth Magic
   147 | D        | Reached XP level 3. HP: 19/19 MP: 5/11
   151 | D        | Learned a level 3 spell: Stone Arrow
   203 | D        | Killed Crazy Yiuf
   204 | D        | Reached skill level 7 in Earth Magic
   204 | D        | Reached XP level 4. HP: 24/24 MP: 5/14
   270 | D        | Noticed a water elemental
   273 | D        | Killed a water elemental
   274 | D        | Reached skill level 8 in Earth Magic
   336 | D        | Found a radiant altar of Vehumet.
   337 | D        | Found a shimmering blue altar of Sif Muna.
   337 | D        | Found an ancient bone altar of Kikubaaqudgha.
   337 | D        | Noticed a wizard
   338 | D        | Killed a wizard
   339 | D        | Reached skill level 5 in Dodging
   339 | D        | Reached XP level 5. HP: 28/28 MP: 15/17
   342 | D        | Reached skill level 1 in Conjurations
   342 | D        | Reached skill level 9 in Earth Magic
   368 | D        | Became a worshipper of Vehumet
   403 | D        | Learned a level 5 spell: Lee's Rapid Deconstruction
   408 | D        | Learned a level 4 spell: Petrify
   412 | D        | Found a glowing silver altar of Zin.
   412 | D        | Found a glowing golden altar of the Shining One.
   412 | D        | Found a white marble altar of Elyvilon.
   412 | D        | Noticed a deep elf pyromancer
   415 | D        | Killed from afar by a deep elf pyromancer

Illustrated notes

Levels and vault maps discovered:
D:        dungeon_sprint_mu [sprint_mu_entry_cave, sprint_mu_temple_rooms,
          sprint_mu_d1_spiders, sprint_mu_d2_genie, sprint_mu_d3_branching,
          sprint_mu_orc_legion, sprint_mu_elf_gauntlet, sprint_mu_hive_nellie,
          sprint_mu_lair_fedhas, sprint_mu_vaults_butterflies,
          sprint_mu_slime_circle, sprint_mu_shoals_kraken,
          sprint_mu_snake_twists, sprint_mu_blade_basic,
          sprint_mu_crypt_fortress, sprint_mu_tomb_spiral,
          sprint_mu_vestibule_basic, sprint_mu_gehenna_hellfire,
          sprint_mu_dis_giant, sprint_mu_tartarus_statrot,
          sprint_mu_cocytus_islands, sprint_mu_zot1]

Skill      XL: |  1  2  3  4  5 |
---------------+----------------+-----
Dodging        | 3 4 5 |  5.1
Stealth        | 3 4 |  4.7
Spellcasting   | 4 5 6 7 8 |  8.1
Earth Magic    | 5 6 7 8 9 |  9.0
Conjurations   | 1 |  1.0
Transmutations | |  1.7

Action                   |  1- 3 |  4- 6 || total
-------------------------+-------+-------++-------
 Cast: Sandblast         |     9 |     2 ||    11
       Passwall          |     1 |       ||     1
       Stone Arrow       |     2 |     4 ||     6
       Lee's Rapid Decon |       |     3 ||     3

Table legend: (Time is in decaauts)
 A = Elapsed time spent in this place.
 B = Non-inter-level travel time spent in this place.
 C = Inter-level travel time spent in this place.
 D = Time resting spent in this place.
 E = Time spent auto-exploring this place.
 F = Levels seen in this place.
 G = Mean time per level.
                   A        B        C        D        E       F      G
               +--------+--------+--------+--------+--------+-----+--------+
         Total |    414 |    414 |      0 |    276 |     10 |   1 |  414.0 |
       Dungeon |    414 |    414 |      0 |    276 |     10 |   1 |  414.0 |
               +--------+--------+--------+--------+--------+-----+--------+

Top non-repeatable levels by time:
       D: 414 daAuts
